 Dungeon Crawl Stone Soup version 0.31-a0-743-g45f7035092 (webtiles) character file.

Game seed: 3947106150105830274

4708 DocEon the Mimic (level 10, -6/97 HPs)
             Began as a Red Draconian Shapeshifter on Sept 12, 2023.
             Was a Believer of Elyvilon.
             Mangled by a killer bee (8 damage)
             ... on level 9 of the Dungeon.
             The game lasted 00:11:36 (9526 turns).

DocEon the Mimic (Red Draconian Shapeshifter)       Turns: 9526, Time: 00:11:36

Health: -6/97      AC:  9    Str: 23    XL:     10   Next: 22%
Magic:  10/10      EV: 11    Int: 13    God:    Elyvilon [**....]
Gold:   293        SH:  0    Dex: 11    Spells: 9/9 levels left

rFire   . .          .
                       - Unarmed
rCold   + . .        (shield currently unavailable)
rNeg    . . .        (body armour unavailable)
rPois   +            d - melded +0 hat
rElec   .            (cloak currently unavailable)
rCorr   .            g - melded +1 pair of gloves
SInv    .            (boots currently unavailable)
Will    .....        (no amulet)
Stlth   +            o - ring of poison resistance
HPRegen 0.36/turn    q - ring of protection from cold
MPRegen 0.12/turn

%: no passive effects
@: snake-form
A: constrict, boosted hp, (breathe fire), AC +7, large, unfitting armour, (fire
resistance 1), (cold-blooded)
a: Begin Untransformation, Renounce Religion, Purification, Heal Other


You were on level 9 of the Dungeon.
You worshipped Elyvilon.
Elyvilon was pleased with you.
You were an enormous anaconda.
You visited 2 branches of the dungeon, and saw 10 of its levels.

You collected 407 gold pieces.
You spent 114 gold pieces at shops.

Inventory:

Hand Weapons
 a - the +4 sling "Xorisaoty" {flame, rPois rC+ rN++ MP+9}
   (You found it on level 8 of the Dungeon)

   rC+:       It protects you from cold.
   rPois:     It protects you from poison rN++: It greatly protects you from
   negative energy.
   MP+9:      It affects your magic capacity (+9).
Missiles
 h - 3 throwing nets
Armour
 d - a +0 hat (melded)
 g - a +1 pair of gloves (melded)
Jewellery
 o - a ring of poison resistance (left hand)
 q - a ring of protection from cold (right hand)
 s - a ring of fire
Talismans
 b - a beast talisman
 c - a flux talisman
 p - a serpent talisman (active)
Wands
 i - a wand of mindburst (16)
 l - a wand of iceblast (4)
Scrolls
 e - 3 scrolls of teleportation
 j - a scroll of amnesia
 u - a scroll of vulnerability
 y - a scroll of fear
Potions
 f - 3 potions of enlightenment
 k - a potion of resistance {unknown}
 m - a potion of heal wounds {unknown}
 n - a potion of curing {unknown}
 r - a potion of cancellation
 t - a potion of haste
 v - a potion of attraction {unknown}
 w - a potion of ambrosia {unknown}
 x - 3 potions of lignification


   Skills:
 + Level 5.0 Fighting
 + Level 4.4 Dodging
 * Level 7.2 Unarmed Combat
 + Level 11.4 Shapeshifting


You had 9 spell levels left.
You didn't know any spells.
Your spell library contained the following spells:

 Spells                   Type           Power      Damage    Failure   Level
 Sandblast                Erth           0%         2d4       30%         1
 Passwall                 Tmut/Erth      0%         N/A       43%         2
 Scorch                   Fire           0%         2d5       43%         2
 Sublimation of Blood     Necr           0%         N/A       43%         2
 Call Canine Familiar     Summ           0%         N/A       67%         3
 Ozocubu's Armour         Ice            0%         N/A       67%         3
 Sigil of Binding         Hex            0%         N/A       67%         3
 Stone Arrow              Conj/Erth      0%         3d7       67%         3
 Animate Dead             Necr           0%         N/A       97%         4
 Dimensional Bullseye     Hex/Tloc       0%         N/A       97%         4
 Flame Wave               Conj/Fire      0%         2d4       97%         4
 Leda's Liquefaction      Hex/Erth       0%         N/A       97%         4
 Petrify                  Tmut/Erth      0%         N/A       97%         4
 Borgnjor's Vile Clutch   Necr/Erth      0%         N/A       100%        5
 Irradiate                Conj/Tmut      0%         3d11      100%        5
 Death Channel            Necr           0%         N/A       100%        6
 Summon Cactus Giant      Summ           0%         N/A       100%        6
 Ozocubu's Refrigeration  Ice            0%         4d7       100%        7


Dungeon Overview and Level Annotations

Branches:
Dungeon (9/15)             Temple (1/1) D:7            Lair (0/5) D:9
    Orc: D:9-12

Altars:
Ashenzari
Cheibriados
Elyvilon
Fedhas
Kikubaaqudgha
Makhleb
Nemelex Xobeh
Okawaru
Qazlal
Ru
Sif Muna
Trog
Uskayaw
Vehumet
Wu Jian
Xom
Yredelemnul
The Shining One

Shops:
D:4 (**   D:5 **

Annotations:
D:3 2 transporters, osoart's ghost, amateur DsSh


Innate Abilities, Weirdness & Mutations

You are an enormous anaconda.
You have a powerful constriction melee attack.
Your maximum health is increased.
Your armour is entirely melded.
You are incapable of wielding weapons or throwing items.
((You can breathe blasts of fire.))
((Your fiery red scales are hard. (AC +7)))
You cannot fit into any form of body armour.
((Your flesh is heat resistant. (rF+)))
((You are cold-blooded and may be slowed by cold attacks.))


Message History

The killer bee is lightly wounded.
The killer bee stings you but does no damage.
The killer bee barely misses you. x2
The killer bee stings you but does no damage.
You closely miss the killer bee. Your grab misses the killer bee.
The killer bee is lightly wounded.
You feel sick. The killer bee stings you.
* * * LOW HITPOINT WARNING * * *
The killer bee closely misses you. The killer bee misses you.
The killer bee closely misses you.
You closely miss the killer bee. Your grab misses the killer bee.
The killer bee is lightly wounded.
You feel sick.
The killer bee stings you but does no damage. x2
The killer bee closely misses you. The killer bee barely misses you.
You miss the killer bee. Your grab misses the killer bee.
The killer bee is lightly wounded.
You feel sick. The killer bee closely misses you.
The killer bee barely misses you.
You lash the killer bee!
You kill the killer bee!
You feel sick.
You are no longer poisoned.
The killer bee barely misses you. The killer bee stings you!
* * * LOW HITPOINT WARNING * * *
The killer bee stings you but does no damage. x2
There is an open door here.
Things that are here:
a killer bee corpse; a killer bee corpse You barely miss the killer bee.
Your grab misses the killer bee.
The killer bee stings you but does no damage.
The killer bee misses you.
You closely miss the killer bee. Your grab misses the killer bee.
The killer bee barely misses you.
The killer bee stings you but does no damage.
You miss the killer bee. Your grab misses the killer bee.
The killer bee stings you.
* * * LOW HITPOINT WARNING * * *
The killer bee stings you!
You die...

..~⌠~.....##....#
....~.....'.....#.....#
..........#.....#.....#
..##.....#.....#.....#
#....)##....#.....#
########....#.....#
#....#.....#
#...y#.....###
#....S........
######........
...............
..y..y.........
.y..y..........
............###
............#
............#
#...........#


You could see a killer bee.

Vanquished Creatures
  Pikel (D:7)
  Jeremiah (D:7)
  A troll (D:9)
  Sigmund (D:6)
  The ghost of randomguy2701 the Chopper, an amateur HOFi (D:4)
  A steam dragon (D:5)
  A sky beast (D:6)
  5 orc warriors
  A black bear (D:6)
  3 ice beasts
  An ogre (D:6)
  2 centaurs
  A lemure (D:7)
  2 bullfrogs
  A kobold brigand (D:7)
  4 scorpions
  4 wights (D:7)
  5 killer bees (D:9)
  A howler monkey (D:8)
  A vampire bat (D:4)
  2 hounds
  3 jellies
  2 gnoll boudas
  10 orc priests
  Crazy Yiuf (D:7)
  4 iguanas
  10 orc wizards
  6 gnolls
  8 adders
  A worm (D:2)
  5 dart slugs
  3 fire bats (D:4)
  41 orcs
  2 spectral bats (D:4)
  13 bats
  3 bat skeletons (D:4)
  A bat zombie (D:4)
  2 endoplasms
  4 giant cockroaches
  5 hobgoblins
  4 jackals
  6 quokkas
  7 ball pythons
  A bat simulacrum (D:4)
  3 frilled lizards
  10 goblins
  12 kobolds
  2 rats (D:1)
209 creatures vanquished.

Notes
Turn   | Place    | Note
-------+----------+-------------------------------------------
     0 | D:1      | DocEon the Draconian Shapeshifter began the quest for the
                  | Orb.
     0 | D:1      | Reached XP level 1. HP: 16/16 MP: 1/1
    35 | D:1      | Reached XP level 2. HP: 23/23 MP: 2/2
   425 | D:1      | Reached skill level 4 in Shapeshifting
   503 | D:1      | Reached XP level 3. HP: 25/28 MP: 3/3
   804 | D:2      | Found a broken altar of Ashenzari.
  1214 | D:2      | Reached XP level 4. HP: 6/35 MP: 4/4
  1568 | D:2      | Reached skill level 5 in Shapeshifting
  1840 | D:3      | Found a transporter.
  1889 | D:3      | Noticed an ogre
  1889 | D:3      | Noticed osoart's ghost (amateur DsSh)
  1890 | D:3      | Found a transporter.
  1890 | D:3      | Identified the +7 dire flail "Ultimatum" {drain, rC- rCorr
                  | Str+2 Dex+3}
  1890 | D:3      | Noticed an ogre
  1934 | D:3      | Reached XP level 5. HP: 31/40 MP: 5/5
  2539 | D:4      | Reached skill level 6 in Shapeshifting
  2681 | D:4      | Found a hide-covered altar of Uskayaw.
  2697 | D:4      | Reached XP level 6. HP: 43/47 MP: 6/6
  2791 | D:4      | Found Kaecrejinu's Assorted Antiques.
  2796 | D:4      | Found Gumowaox's General Store.
  2797 | D:4      | Found Viklach's Antique Weapon Boutique.
  2799 | D:4      | Bought a potion of lignification for 72 gold pieces
  3065 | D:4      | Reached skill level 7 in Shapeshifting
  3243 | D:4      | Found a large runed translucent door.
  3246 | D:4      | Found a large runed translucent door.
  3248 | D:4      | Noticed randomguy2701's ghost (amateur HOFi)
  3294 | D:4      | Your scales start taking on a fiery red colour.
  3294 | D:4      | Reached XP level 7. HP: 50/52 MP: 7/7
  3294 | D:4      | Gained mutation: Your flesh is heat resistant. (rF+) [Red
                  | Draconian growth]
  3359 | D:4      | Killed randomguy2701's ghost
  3360 | D:4      | Reached skill level 8 in Shapeshifting
  3530 | D:5      | Entered Level 5 of the Dungeon
  3555 | D:5      | Found Tudauc's General Store.
  3589 | D:5      | Bought a scroll of teleportation for 42 gold pieces
  3603 | D:5      | Noticed a steam dragon
  3619 | D:5      | Killed a steam dragon
  3808 | D:5      | You fall into a shaft and drop 2 floors!
  3858 | D:7      | Reached skill level 9 in Shapeshifting
  3922 | D:7      | Noticed Pikel
  4056 | D:7      | Reached XP level 8. HP: 20/59 MP: 8/8
  4272 | D:7      | Killed Pikel
  4273 | D:7      | Reached skill level 10 in Shapeshifting
  4719 | D:7      | Found a staircase to the Ecumenical Temple.
  4783 | D:7      | Found a runed translucent door.
  4784 | D:7      | Noticed Crazy Yiuf
  4995 | Temple   | Entered the Ecumenical Temple
  5026 | Temple   | Became a worshipper of Elyvilon the Healer
  5081 | D:7      | Noticed Jeremiah
  5140 | D:6      | Noticed Sigmund
  5144 | D:6      | Killed Sigmund
  5145 | D:6      | Reached XP level 9. HP: 20/65 MP: 9/9
  5548 | D:7      | Killed Jeremiah
  5815 | D:7      | Reached skill level 5 in Unarmed Combat
  5984 | D:7      | Killed Crazy Yiuf
  6103 | D:6      | HP: 4/84 [bullfrog (3)]
  6104 | D:6      | Reached skill level 11 in Shapeshifting
  6631 | D:5      | Reached * piety under Elyvilon
  6875 | D:5      | Found Vax Sugh's Neck Hole.
  8428 | D:8      | Reached ** piety under Elyvilon
  8569 | D:8      | Identified the +4 sling "Xorisaoty" {flame, rPois rC+ rN++
                  | MP+9}
  9023 | D:9      | Reached XP level 10. HP: 68/80 MP: 1/10
  9454 | D:9      | Found a staircase to the Lair.
  9517 | D:9      | Reached skill level 5 in Fighting
  9526 | D:9      | HP: 2/97 [killer bee (5)]
  9526 | D:9      | Mangled by a killer bee

Illustrated notes

Levels and vault maps discovered:
D:1:      minmay_arrival_stone_box, layout_loops_ring
D:2:      layout_basic, basic_altar
D:3:      layout_rooms, gammafunk_ghost_smash
D:4:      layout_rooms, kennysheep_mini, ebering_ghost_disaster_area,
          nicolae_wooded_promenade, minivault_14, goddamned_bats
D:5:      layout_loops_ring, serial_shops, nicolae_shop_advertising_works
          [nicolae_subvault_shop_adworks], abandoned_shop,
          nicolae_shop_sticking_my_neck_out
D:6:      layout_cave_pools, chequers_hall_statues_wall_a, uniq_sigmund
D:7:      layout_basic, minmay_temple_entry_trees, uniq_pikel, uniq_jeremiah,
          uniq_crazy_yiuf_cottage
D:8:      layout_rooms
D:9:      layout_gridville, grunt_temple_overflow_open, lair_entry_dummy,
          david_orc_4, minmay_liquid_box, corexii_leaking_fountain,
          chequers_serial_rivers_micro_a
Temple:   nicolae_temple_bog_church

Skill      XL: |  1  2  3  4  5  6  7  8  9 10 |
---------------+-------------------------------+-----
Shapeshifting  | 4 5 6 7 9 10 11 | 11.4
Dodging        | 2 4 |  4.4
Fighting       | 2 4 5 |  5.0
Unarmed Combat | 4 6 7 |  7.2

Action                     |  1- 3 |  4- 6 |  7- 9 | 10-12 || total
---------------------------+-------+-------+-------+-------++-------
  Melee: Unarmed           |   112 |   226 |   336 |    79 ||   753
         Tailslap          |     7 |    37 |    16 |       ||    60
         Punch             |     1 |       |     1 |       ||     2
         Constrict         |       |       |    44 |     9 ||    53
   Fire: Sling             |       |       |    13 |       ||    13
Ability: Breathe Fire      |       |       |     2 |       ||     2
  Evoke: Wand              |       |       |    21 |       ||    21
    Use: Scroll            |     2 |    10 |     4 |     1 ||    17
         Potion            |       |       |     5 |       ||     5
   Stab: Sleeping          |       |     1 |       |       ||     1
 Armour: Skin              |    60 |   162 |   306 |   110 ||   638
  Dodge: Dodged            |    71 |   187 |   180 |    72 ||   510
   Form: Flux              |       |     1 |     1 |       ||     2
         Anaconda          |       |       |     1 |     1 ||     2
         Beast             |       |       |     1 |       ||     1

Table legend: (Time is in decaauts)
 A = Elapsed time spent in this place.
 B = Non-inter-level travel time spent in this place.
 C = Inter-level travel time spent in this place.
 D = Time resting spent in this place.
 E = Time spent auto-exploring this place.
 F = Levels seen in this place.
 G = Mean time per level.
                   A        B        C        D        E       F      G
               +--------+--------+--------+--------+--------+-----+--------+
         Total |   9459 |   9207 |    252 |   2122 |   5432 |  10 |  945.9 |
       Dungeon |   9420 |   9174 |    246 |   2122 |   5409 |   9 | 1046.7 |
        Temple |     38 |     32 |      6 |      0 |     23 |   1 |   38.0 |
               +--------+--------+--------+--------+--------+-----+--------+

Top non-repeatable levels by time:
     D:7: 2200 daAuts
     D:8: 1117 daAuts
     D:6: 1101 daAuts
     D:5: 1053 daAuts
     D:2: 1039 daAuts
     D:4: 989 daAuts
     D:1: 800 daAuts
     D:3: 667 daAuts
     D:9: 451 daAuts
  Temple: 38 daAuts
